 Dungeon Sprint DCSS version 0.32-a0-516-g94ed278cf8 (webtiles) character file.

Game seed: 11365791610962422570

37188 Revguard the Evocator (level 13, -12/180 HPs)
             Began as a Coglin Berserker on Feb 27, 2024.
             Was a High Priest of Trog.
             Mangled by Xeotyd the pandemonium lord (16 damage)
             ... in the Dungeon (Sprint V: "Ziggurat Sprint").
             The game lasted 00:14:24 (1266 turns).

Revguard the Evocator (Coglin Berserker)            Turns: 1266, Time: 00:14:25

Health: -12/180    AC: 39    Str: 22    XL:     13   Next: 95%
Magic:  13/13      EV: 14    Int:  8    God:    Trog [*****.]
Gold:   0          SH:  5    Dex: 15    Spells: 12/12 levels left

rFire   + . .        s - +5 broad axe (heavy) {Soledad}
rCold   + . .        t - +16 obsidian axe {drain, demonic, Mesm ^Drain Fly SInv}
rNeg    . . .        u - +15 Maxwell's patent armour {-Cast -Tele rElec Will+ rCorr}
rPois   .            B - +3 crown of Dyrovepreva {rElec Int+2 SInv}
rElec   +            (no cloak)
rCorr   +            a - +3 pair of gauntlets of War {Slay+5}
SInv    +            (no boots)
Will    +++..        w - amulet of reflection Stlth
                     (ring unavailable)
HPRegen 1.50/turn    (ring unavailable)
MPRegen 0.13/turn

%: no teleportation, no spellcasting, reflection
@: berserking, lethally poisoned (-12 -> -25), strong-willed, spiked, flying,
mesmerised, regenerating, silenced, revved, very quick
A: cold resistance 1, fire resistance 1, off-hand wielding, slow wielding,
warmup strikes, no rings
a: Renounce Religion


You were in the Dungeon.
You worshipped Trog.
Trog was extremely pleased with you.
You visited 1 branch

Inventory:

Hand Weapons
 s - a +5 heavy broad axe (weapon) {Soledad}
 t - the +16 obsidian axe (offhand) {drain, demonic, Mesm ^Drain Fly SInv}
   (You found it in the Dungeon)

   Mesm:      Its wielder is mesmerised by any visible foes, and it cannot be
   unequipped while any foes are visible.
   SInv:      It lets you see invisible.
   Fly:       It grants you flight.
   ^Drain:    It drains your maximum health when unequipped.
Armour
 a - the +3 pair of gauntlets of War (worn) {Slay+5}
   (You found it in the Dungeon)

   Slay+5:    It affects your accuracy & damage with ranged weapons and melee
   (+5).
 u - the +15 Maxwell's patent armour (worn) {-Cast -Tele rElec Will+ rCorr}
   (You found it in the Dungeon)

   rElec:     It insulates you from electricity.
   Will+:     It increases your willpower.
   -Cast:     It prevents spellcasting.
   -Tele:     It prevents most forms of teleportation.
   rCorr:     It protects you from acid and corrosion.
 B - the +3 crown of Dyrovepreva (worn) {rElec Int+2 SInv}
   (You found it in the Dungeon)

   Int+2:     It affects your intelligence (+2).
   rElec:     It insulates you from electricity.
   SInv:      It lets you see invisible.
Jewellery
 w - an amulet of reflection (around neck)
 x - the amulet "Xiohidib" {Faith rElec rC+}
   (You found it in the Dungeon)

   [amulet of faith]

   Faith:     It allows you to gain divine favour quickly.
   rC+:       It protects you from cold.
   rElec:     It insulates you from electricity.
Wands
 b - a wand of flame (18)
 k - a wand of charming (9)
 p - a wand of mindburst (34)
 q - a wand of iceblast (9)
 r - a wand of acid (13)
 A - a wand of polymorph (3)
Scrolls
 h - 4 scrolls of blinking
 m - 7 scrolls of fog
 n - 5 scrolls of identify
 o - 2 scrolls of fear
 z - 4 scrolls of enchant armour
Potions
 c - 10 potions of curing
 d - 11 potions of heal wounds
 e - 10 potions of haste
 f - 7 potions of magic
 g - 3 potions of berserk rage
 i - a potion of invisibility
 j - 4 potions of resistance
 l - 5 potions of might
Miscellaneous
 v - a lightning rod (4/4)
 y - a phial of floods
 C - a condenser vane
 D - a box of beasts


   Skills:
 + Level 17.3 Fighting
 + Level 17.3 Axes
 + Level 15.7 Armour
 + Level 15.7 Dodging
 + Level 21.3 Evocations


You had 12 spell levels left.
You didn't know any spells.
Your spell library was empty.

Dungeon Overview and Level Annotations

Branches:
Dungeon (1/1)

Altars:
Ashenzari
Cheibriados
Dithmenos
Elyvilon
Fedhas
Gozag
Hepliaklqana
Kikubaaqudgha
Makhleb
Nemelex Xobeh
Okawaru
Qazlal
Ru
Sif Muna
Trog
Uskayaw
Vehumet
Wu Jian
Xom
Yredelemnul
Zin
The Shining One
Beogh
Jiyva
Lugonu


Innate Abilities, Weirdness & Mutations

Your flesh is cold resistant. (rC+)
Your flesh is heat resistant. (rF+)
You can wield a second weapon in your off-hand.
It takes a long time for you to wield or remove held weapons.
Your first few attacks do less damage.
Your grasper-arms cannot wear rings.


Message History

The Tzitzimitl is engulfed in blazing flames.
The red devil hits you from afar with a +0 trident!
* * * LOW HITPOINT WARNING * * *
Barbed spikes become lodged in your body.
You slice Leev Tem with the +16 obsidian axe!!
Leev Tem is severely wounded.
You miss Dadiaz with the +16 obsidian axe.
You hit Xeotyd with the +16 obsidian axe.
You open a gate to Pandemonium!
A demon appears!
You slice Jofum with the +16 obsidian axe!!
You slash Nufeqy with the +16 obsidian axe!
You slice Leev Tem like a ripe choko with your +5 heavy broad axe!!!
You slice Dadiaz with your +5 heavy broad axe!!
You slice Xeotyd with your +5 heavy broad axe!!
You slash Jofum with your +5 heavy broad axe!
You slash Nufeqy with your +5 heavy broad axe!
Visions of slaying Nufeqy flood into your mind.
* * * LOW HITPOINT WARNING * * *
You feel very sick.
Xaokedang is engulfed in freezing vapours.
Xeotyd kicks you but does no damage.
Lehaj is engulfed in freezing vapours.
Lehaj stings your smoke demon!!
Your smoke demon is poisoned.
Dadiaz barely misses you.
Xaokedang is engulfed in a thunderstorm.
You slash Leev Tem with the +16 obsidian axe!
Leev Tem is almost dead.
You slash Nufeqy with the +16 obsidian axe!
You miss Dadiaz with the +16 obsidian axe.
You hit Xeotyd but do no damage. You hit Jofum but do no damage.
You slice Leev Tem with your +5 heavy broad axe!!
You miss Xeotyd with your +5 heavy broad axe.
You completely miss Jofum with your +5 heavy broad axe.
You slice Nufeqy like a ripe choko with your +5 heavy broad axe!!!
You miss Dadiaz with your +5 heavy broad axe.
Visions of slaying Jofum flood into your mind.
* * * LOW HITPOINT WARNING * * *
You feel very sick. Xeotyd kicks you!
You die...

▓..........
▓..)§§§§§§§:..▓....))))..
▓...§..§☼§§...▓.....)))..
▓..§.§§§.§§§..▓....))....
▓..§.§§§3.§§..▓..........
▓..§§§§§§rs§..▓..........
▓....2§13&s...▓..........
..▓.§&&&&3▓..▓.....©....
▓ ▓.▓§3)@&▓.▓ ▓▓▓▓▓▓▓▓▓▓▓
▓..▓..4.&.s▓..▓....ß©ß...
▓.............▓..)3))|:).
▓......©......▓...|)|....
▓▓▓▓▓▓▓▓▓▓▓▓▓▓▓..........
▓.......... ▓...)).....
▓.......... ▓..........


You could see Dadiaz (fast, unsilenced, corroded), Jofum (mesmerising,
silencing, unsilenced, corroded, ally target), Leev Tem, Lehaj (unsilenced),
Nufeqy (unsilenced, corroded), Xaokedang (unsilenced, corroded), Xeotyd, a
Tzitzimitl (unsilenced), a green death (unsilenced), 2 soul eaters, a demonic
crawler (summoned), a ynoxinul (unsilenced), 2 jumping spiders, a red devil, a
hell rat (summoned) and a friendly smoke demon (summoned, unsilenced, very
poisoned).

Vanquished Creatures
  A pearl dragon (D)
  A lich (D)
  3 deep elf master archers (D)
  An Executioner (D)
  A shadow dragon (D)
  A tentacled starspawn (D)
  2 deep elf sorcerers (D)
  An angel (D)
  A ghoul (D)
  An ophan (D)
  A very ugly thing (D)
  A bunyip (shapeshifter) (D)
  A dancing weapon (D)
  2 two-headed ogres (shapeshifter) (D)
  A vampire mage (D)
  2 sun demons (D)
  2 deep elf knights (D)
  2 soul eaters (D)
  A sixfirhy (D)
  A deep elf archer (D)
  2 deep elf pyromancers (D)
  2 necromancers (D)
  2 deep elf zephyrmancers (D)
  A cyclops (shapeshifter) (D)
  A large abomination (D)
  A rust devil (D)
  2 cane toads (D)
  An orange demon (D)
  A hellion (D)
  4 komodo dragons (D)
  An ice devil (D)
  2 tarantellas (shapeshifter) (D)
  A hellwing (D)
  A water elemental (D)
  A yak (D)
  A wyvern (D)
  A neqoxec (D)
  2 water moccasins (D)
  3 hell hounds (D)
  A laughing skull (D)
  3 wolves (D)
  2 bullfrogs (D)
  An earth elemental (D)
  A wight (D)
  3 crimson imps (D)
  5 quasits (D)
  7 iron imps (D)
  2 iguanas (D)
  3 orc wizards (D)
  A river rat (D)
  2 white imps (D)
  3 ufetubi (D)
  2 adder zombies (D)
  An orc (D)
  2 spectral bats (D)
  2 jackals (D)
  2 ball python skeletons (D)
  2 giant cockroach zombies (D)
  2 jackal zombies (D)
  A lurking horror (D)
  3 starspawn tentacles (D)
108 creatures vanquished.

Vanquished Creatures (collateral kills)
  A pearl dragon (D)
  A very ugly thing (D)
  An ophan (D)
  2 skeletal warriors (D)
  A harpy (shapeshifter) (D)
  An ugly thing (D)
  A water nymph (shapeshifter) (D)
  A cane toad (D)
  An unseen horror (shapeshifter) (D)
  An air elemental (D)
  A yak (D)
  A basilisk (shapeshifter) (D)
  A basilisk (D)
  A neqoxec (D)
  A hell hound (D)
  A bullfrog (D)
  2 wights (D)
  An ufetubus (D)
  A bat zombie (D)
21 creatures vanquished.

Vanquished Creatures (others)
  A deep elf blademaster (D)
  A starspawn tentacle (D)
2 creatures vanquished.

Grand Total: 131 creatures vanquished

Notes
Turn   | Place    | Note
-------+----------+-------------------------------------------
     0 | D        | Revguard the Coglin Berserker began the quest for the Orb.
     0 | D        | Reached XP level 1. HP: 18/18 MP: 1/1
     0 | D        | Found a shimmering blue altar of Sif Muna.
     0 | D        | Found a sacrificial altar of Ru.
     0 | D        | Found a bloodstained altar of Trog.
     0 | D        | Found a stormy altar of Qazlal.
     0 | D        | Found an iron altar of Okawaru.
     0 | D        | Found a sparkling altar of Nemelex Xobeh.
     0 | D        | Found a blossoming altar of Fedhas.
     0 | D        | Found the +6 Majin-Bo {spellvamp, MP+6 Int+6}
     0 | D        | Found the +27 heavy crossbow "Sniper" {heavy, Acc+∞ SInv}
     0 | D        | Found the +10 dark maul {heavy}
     0 | D        | Found the +15 Maxwell's patent armour {-Cast -Tele rElec
                  | Will+ rCorr}
     0 | D        | Found the +18 shield of the Gong {Loud rN+ Will+ rCorr
                  | EV-5}
     0 | D        | Found the +16 obsidian axe {drain, demonic, Mesm ^Drain Fly
                  | SInv}
     0 | D        | Found the +7 great mace "Firestarter" {flame, immolate,
                  | rFlCloud rF++}
     0 | D        | Found the +6 shillelagh "Devastator" {shatter}
     0 | D        | Found the +11 plutonium sword {^Contam Stlth-}
     0 | D        | Found the +8 lance "Wyrmbane" {slay drac, rPois rF+ rC+
                  | AC+3}
     0 | D        | Found the +9 sword of Zonguldrok {reap}
     0 | D        | Found the +13 scythe of Curses {drain, curses, ^Drain}
     0 | D        | Found the +9 sword of Power {lifebolt}
     0 | D        | Found the +7 mace of Variability {chaos, chaos arc}
     0 | D        | Found the +11 Singing Sword {sonic wave}
     0 | D        | Found the +8 storm bow {elec, penet}
     2 | D        | Found a transporter.
     2 | D        | Found an ancient bone altar of Kikubaaqudgha.
     2 | D        | Found a viscous altar of Jiyva.
     2 | D        | Found a corrupted altar of Lugonu.
     2 | D        | Found a hazy altar of Hepliaklqana.
     2 | D        | Found a burning altar of Makhleb.
     2 | D        | Found an opulent altar of Gozag.
    60 | D        | Reached skill level 3 in Evocations
    60 | D        | Reached XP level 2. HP: 26/26 MP: 2/2
    67 | D        | Entered arena 2.
    67 | D        | Noticed a crimson imp
    67 | D        | Found a transporter.
    70 | D        | Reached skill level 5 in Fighting
    70 | D        | Reached skill level 5 in Axes
    70 | D        | Reached skill level 4 in Evocations
    70 | D        | Reached XP level 3. HP: 33/33 MP: 3/3
    71 | D        | Reached XP level 4. HP: 39/39 MP: 4/4
    77 | D        | Entered arena 3.
    77 | D        | Noticed a wolf
    77 | D        | Found a transporter.
    80 | D        | Killed a wolf
    80 | D        | Reached ** piety under Trog
    81 | D        | Reached skill level 6 in Evocations
    81 | D        | Reached XP level 5. HP: 44/47 MP: 5/5
    90 | D        | Entered arena 4.
    90 | D        | Found a transporter.
    94 | D        | Reached *** piety under Trog
    95 | D        | Reached skill level 5 in Armour
    95 | D        | Reached skill level 5 in Dodging
    95 | D        | Reached **** piety under Trog
    96 | D        | Reached XP level 6. HP: 52/53 MP: 6/6
   101 | D        | Entered arena 5.
   101 | D        | Noticed a hell hound
   101 | D        | Noticed a hell hound
   101 | D        | Found a transporter.
   105 | D        | Killed a hell hound
   106 | D        | Reached skill level 7 in Evocations
   107 | D        | Killed a hell hound
   107 | D        | Reached ***** piety under Trog
   108 | D        | Reached skill level 8 in Evocations
   108 | D        | Reached XP level 7. HP: 35/61 MP: 7/7
   193 | D        | Entered arena 6.
   193 | D        | Found a transporter.
   195 | D        | Received a gift from Trog
   201 | D        | Reached skill level 9 in Evocations
   290 | D        | Entered arena 7.
   290 | D        | Found the +7 lajatang of Order {silver, rMut}
   290 | D        | Noticed a deep elf knight
   290 | D        | Noticed a +1 heavy scimitar
   290 | D        | Noticed a deep elf zephyrmancer
   290 | D        | Noticed a deep elf zephyrmancer
   290 | D        | Noticed a water elemental
   290 | D        | Noticed a deep elf knight
   292 | D        | Killed a deep elf zephyrmancer
   292 | D        | Killed a deep elf knight
   292 | D        | Received a gift from Trog
   293 | D        | Reached skill level 11 in Evocations
   293 | D        | Reached XP level 8. HP: 72/72 MP: 8/8
   293 | D        | Found a transporter.
   294 | D        | Killed a water elemental
   295 | D        | Reached XP level 9. HP: 68/78 MP: 9/9
   295 | D        | Killed a deep elf zephyrmancer
   296 | D        | Reached skill level 10 in Fighting
   296 | D        | Reached skill level 10 in Axes
   296 | D        | Killed a +1 heavy scimitar
   297 | D        | Reached skill level 12 in Evocations
   298 | D        | Killed a deep elf knight
   299 | D        | Reached skill level 13 in Evocations
   299 | D        | Reached XP level 10. HP: 78/87 MP: 10/10
   326 | D        | Entered arena 8.
   326 | D        | Noticed a sun demon
   326 | D        | Noticed a sun demon
   328 | D        | Found a transporter.
   333 | D        | Killed a sun demon
   334 | D        | Reached ****** piety under Trog
   338 | D        | Killed a sun demon
   339 | D        | Reached skill level 10 in Armour
   339 | D        | Reached skill level 10 in Dodging
   475 | D        | Entered arena 9.
   475 | D        | Found the +3 pair of gauntlets of War {Slay+5}
   476 | D        | Found a transporter.
   478 | D        | Received a gift from Trog
   479 | D        | Reached skill level 14 in Evocations
   500 | D        | Entered arena 10.
   500 | D        | Noticed a rust devil
   501 | D        | Found a transporter.
   506 | D        | Killed a rust devil
   506 | D        | Received a gift from Trog
   630 | D        | Entered arena 11.
   630 | D        | Found the +8 pair of quick blades "Gyre" and "Gimble"
                  | {protect}
   630 | D        | Noticed a tentacled starspawn
   630 | D        | Noticed a sixfirhy
   631 | D        | Found a transporter.
   635 | D        | Killed a sixfirhy
   637 | D        | Killed a tentacled starspawn
   637 | D        | Received a gift from Trog
   638 | D        | Reached skill level 15 in Evocations
   638 | D        | Reached XP level 11. HP: 96/96 MP: 11/11
   722 | D        | Entered arena 12.
   722 | D        | Noticed a soul eater
   722 | D        | Noticed a soul eater
   724 | D        | Noticed a ghoul
   724 | D        | Noticed a shadow dragon
   725 | D        | Found a transporter.
   729 | D        | Killed a soul eater
   729 | D        | Received a gift from Trog
   729 | D        | Killed a soul eater
   734 | D        | Killed a shadow dragon
   735 | D        | Reached skill level 16 in Evocations
   735 | D        | Killed a ghoul
   789 | D        | Entered arena 13.
   789 | D        | Noticed a deep elf master archer
   789 | D        | Noticed a deep elf master archer
   789 | D        | Noticed a deep elf archer
   789 | D        | Noticed a deep elf pyromancer
   789 | D        | Noticed a deep elf blademaster
   789 | D        | Noticed a deep elf pyromancer
   790 | D        | Noticed a deep elf sorcerer
   790 | D        | Identified the +9 morningstar of Oily Valour {spect, rCorr
                  | Dex+2}
   790 | D        | Noticed a deep elf sorcerer
   791 | D        | Noticed a deep elf master archer
   791 | D        | Paralysed by an air elemental for 1 turns
   793 | D        | Killed a deep elf blademaster
   794 | D        | Received a gift from Trog
   797 | D        | Killed a deep elf sorcerer
   797 | D        | Killed a deep elf pyromancer
   799 | D        | Killed a deep elf sorcerer
   799 | D        | Killed a deep elf master archer
   799 | D        | Killed a deep elf archer
   799 | D        | Received a gift from Trog
   799 | D        | Killed a deep elf pyromancer
   800 | D        | Reached skill level 17 in Evocations
   800 | D        | Reached XP level 12. HP: 64/108 MP: 12/12
   801 | D        | Found a transporter.
   802 | D        | Killed a deep elf master archer
   803 | D        | HP: 1/108 [earth elemental (16)]
   807 | D        | Killed a deep elf master archer
   808 | D        | Reached skill level 18 in Evocations
   918 | D        | Entered arena 14.
   922 | D        | Noticed a pearl dragon
   922 | D        | Noticed an angel
   922 | D        | Noticed an ophan
   922 | D        | Noticed a pearl dragon
   922 | D        | Noticed an ophan
   926 | D        | Found a transporter.
   927 | D        | Killed a pearl dragon
   928 | D        | Reached skill level 15 in Fighting
   928 | D        | Reached skill level 15 in Axes
   929 | D        | Killed an angel
   929 | D        | Received a gift from Trog
   930 | D        | Killed a pearl dragon
   932 | D        | Killed an ophan
   932 | D        | Killed an ophan
   933 | D        | Reached skill level 19 in Evocations
   933 | D        | Gained mutation: Your flesh is cold resistant. (rC+)
                  | [Coglin growth]
   933 | D        | Gained mutation: Your flesh is heat resistant. (rF+)
                  | [Coglin growth]
   933 | D        | Reached XP level 13. HP: 70/116 MP: 13/13
  1028 | D        | Entered arena 15.
  1032 | D        | Noticed a lich
  1033 | D        | Identified the +1 lajatang of Certain Death {spect, rF+
                  | Str+4}
  1033 | D        | Identified the ring "Finuychy" {rF+ rCorr}
  1034 | D        | Found a transporter.
  1038 | D        | Killed a lich
  1038 | D        | Received a gift from Trog
  1046 | D        | Received a gift from Trog
  1105 | D        | Entered arena 16.
  1110 | D        | Found a transporter.
  1114 | D        | Reached skill level 20 in Evocations
  1114 | D        | Received a gift from Trog
  1126 | D        | Got the amulet "Xiohidib" {Faith rElec rC+}
  1150 | D        | Entered arena 17.
  1156 | D        | Found the +3 crown of Dyrovepreva {rElec Int+2 SInv}
  1156 | D        | Noticed a purple very ugly thing
  1157 | D        | Noticed a red very ugly thing
  1159 | D        | Found a transporter.
  1163 | D        | Reached skill level 15 in Armour
  1163 | D        | Reached skill level 15 in Dodging
  1163 | D        | Killed a red very ugly thing
  1163 | D        | Received a gift from Trog
  1168 | D        | a steelbarb worm changed into a bunyip
  1168 | D        | Noticed a bunyip (glowing shapeshifter)
  1169 | D        | Killed a purple very ugly thing
  1169 | D        | Received a gift from Trog
  1172 | D        | Killed a bunyip
  1173 | D        | Reached skill level 21 in Evocations
  1249 | D        | Entered arena 18.
  1252 | D        | Noticed an Executioner
  1252 | D        | Noticed Lehaj the pandemonium lord
  1252 | D        | Noticed a Tzitzimitl
  1252 | D        | Noticed Xeotyd the pandemonium lord
  1252 | D        | Noticed Jofum the pandemonium lord
  1252 | D        | Noticed a green death
  1252 | D        | Noticed Nufeqy the pandemonium lord
  1253 | D        | Noticed Leev Tem the pandemonium lord
  1253 | D        | Noticed Xaokedang the pandemonium lord
  1254 | D        | Noticed Dadiaz the pandemonium lord
  1259 | D        | Killed an Executioner
  1262 | D        | Received a gift from Trog
  1265 | D        | HP: 8/180 [poisoned by Lehaj]
  1266 | D        | Mangled by Xeotyd the pandemonium lord

Illustrated notes

Levels and vault maps discovered:
D:        sprint_v [room_start, room_1, room_2, room_3, room_4, room_5, room_6,
          room_7, room_8, room_9, room_10, room_11, room_12, room_13, room_14,
          room_15, room_16, room_17, room_18, room_19, room_20, room_21,
          room_22, room_23, room_24, room_25, room_26, room_27]

Skill      XL: |  1  2  3  4  5  6  7  8  9 10 11 12 13 |
---------------+----------------------------------------+-----
Fighting       | 4 5 6 7 9 11 12 14 15 17 | 17.3
Axes           | 4 5 6 7 9 11 12 14 15 17 | 17.3
Armour         | 3 4 5 6 8 9 11 12 14 15 | 15.7
Dodging        | 3 4 5 6 8 9 11 12 14 15 | 15.7
Evocations     | 3 4 6 8 11 13 15 17 19 21 | 21.3

Action                     |  1- 3 |  4- 6 |  7- 9 | 10-12 | 13-15 || total
---------------------------+-------+-------+-------+-------+-------++-------
  Melee: Broad axe         |     4 |    15 |    18 |    77 |    74 ||   188
 Invoke: Trog's Hand       |       |       |       |     5 |     4 ||     9
         Berserk           |       |       |       |     4 |     3 ||     7
         Brothers in Arms  |       |       |       |     3 |     7 ||    10
  Evoke: Wand              |       |       |     2 |     3 |       ||     5
         Box of beasts     |       |       |       |       |     1 ||     1
         Condenser vane    |       |       |       |       |     1 ||     1
    Use: Potion            |     1 |       |       |     4 |       ||     5
         Scroll            |       |       |     1 |       |       ||     1
   Stab: Distracted        |       |     1 |       |       |       ||     1
         Invisible         |       |       |       |     5 |       ||     5
         Petrifying        |       |       |       |       |     1 ||     1
 Armour: Plate armour      |     3 |    16 |     7 |    93 |    71 ||   190
  Dodge: Dodged            |     1 |     8 |     5 |    40 |    21 ||    75
         Repelled          |       |       |       |     2 |     1 ||     3
  Block: Other             |       |       |       |       |     5 ||     5

Table legend: (Time is in decaauts)
 A = Elapsed time spent in this place.
 B = Non-inter-level travel time spent in this place.
 C = Inter-level travel time spent in this place.
 D = Time resting spent in this place.
 E = Time spent auto-exploring this place.
 F = Levels seen in this place.
 G = Mean time per level.
                   A        B        C        D        E       F      G
               +--------+--------+--------+--------+--------+-----+--------+
         Total |   1328 |   1328 |      0 |    738 |      8 |   1 | 1328.0 |
       Dungeon |   1328 |   1328 |      0 |    738 |      8 |   1 | 1328.0 |
               +--------+--------+--------+--------+--------+-----+--------+

Top non-repeatable levels by time:
       D: 1328 daAuts
